Sewer Rats vs Inferno (R3)

Created - October 21, 2019 at 19:23

Goals
1 2 3 T
Sewer Rats 3 0 3 6
Inferno 3 0 1 4
Shots
1 2 3 T
Sewer Rats 14 9 14 37
Inferno 13 5 21 39

1st period

1. Inferno , Esa Lindell 1 (Victor Rask 1, Matthew Nieto 1) at 2:12 (PP)
2. Sewer Rats , Jonathan Marchessault 1 (Daniel Carr 1, Erik Condra 1) at 3:24 (PP)
3. Inferno , Anders Lee 1 (Christian Folin 1) at 3:50 (PP)
4. Inferno , Oliver Bjorkstrand 1 (Victor Rask 2, David Savard 1) at 9:35
5. Sewer Rats , Mark Mancari 1 (Vincent Trocheck 1) at 15:19 (PP)
6. Sewer Rats , Mark Mancari 2 (Vincent Trocheck 2) at 16:34 (PP)

Penalties :
Tomas Tatar (Tol) for High sticking (Minor) at 1:27, Esa Lindell (Anc) for Hooking (Minor) at 2:51, John Ramage (Tol) for Elbowing (Minor) at 3:48, Esa Lindell (Anc) for Holding (Minor) at 15:14, Philip Varone (Anc) for High sticking (Minor) at 16:29, Colby Robak (Anc) for Holding (Minor) at 18:55

2nd period

No Goal

Penalties :
Joel Edmundson (Tol) for High sticking (Minor) at 1:23, Jarred Tinordi (Tol) for Roughing (Minor) at 4:19, Bryan Rust (Anc) for Boarding (Minor) at 14:29, Matt Kassian (Anc) for Holding (Minor) at 17:13

3rd period

7. Inferno , Ryan Spooner 1 (Peter Cehlarik 1, Tyler Shattock 1) at 8:15
8. Sewer Rats , Mark Mancari 3 (Vincent Trocheck 3) at 8:49
9. Sewer Rats , Tomas Tatar 1 (Mark Mancari 1, Vincent Trocheck 4) at 11:54
10. Sewer Rats , Martin Frk 1 (Vincent Trocheck 5) at 19:04

Penalties :
Steven Kampfer (Tol) for Hooking (Minor) at 4:33, Anthony Duclair (Tol) for Hooking (Minor) at 17:41, Victor Rask (Anc) for Interference (Minor) at 18:24

Goalie Stats

Marek Mazanek (Tol), 35 saves from 39 shots - (0.897), W, 1-0-0, 60:00 minutes
Christopher Gibson (Anc), 31 saves from 37 shots - (0.838), L, 0-1-0, 60:00 minutes

Players Stats for Sewer Rats

Player Name              G  A  P  +/- PIM S  H  SB GA TA FO     MP     PP MP  PK MP  
------------------------------------------------------------------------------------
Anthony Duclair          0  0  0   0  2   0  0  0  0  1  0/0     9:53   0:04   0:00 
Connor Carrick           0  0  0  -1  0   0  0  0  0  0  0/0     6:03   0:00   1:07 
Daniel Carr              0  1  1   0  0   3  3  2  1  0  0/0    17:02   3:04   1:18 
Dmitrij Jaskin           0  0  0   0  0   2  0  0  0  0  0/1     6:24   0:00   0:00 
Erik Condra              0  1  1   0  0   1  0  2  0  0  0/0    18:00   3:04   1:55 
Jared McCann             0  0  0  -1  0   0  1  1  0  0  0/1     6:20   0:00   0:00 
Jarred Tinordi           0  0  0   1  2   0  2  2  0  1  0/0    27:22   4:35   3:02 
Joel Edmundson           0  0  0   2  2   1  1  0  0  0  0/0    17:44   2:24   2:07 
John Ramage              0  0  0  -1  2   0  0  1  0  0  0/0    11:30   0:00   2:26 
Jonathan Marchessault    1  0  1   0  0   1  2  0  2  1  4/17   15:44   3:04   0:00 
Joseph Blandisi          0  0  0  -1  0   3  0  0  0  0  0/0     6:20   0:00   0:00 
Mark Mancari             3  1  4   1  0   9  0  3  0  0  4/9    24:20   3:55   4:06 
Martin Frk               1  0  1   1  0   3  0  0  0  0  1/1     9:54   0:00   0:00 
Nick Cousins             0  0  0   0  0   3  1  0  0  0  2/5    11:29   0:00   1:38 
Ryan Murphy              0  0  0  -1  0   0  0  0  0  0  0/0     8:35   0:00   0:00 
Stefan Elliott           0  0  0   2  0   1  1  1  0  0  0/0    18:46   2:24   3:08 
Steven Kampfer           0  0  0   1  2   2  3  0  2  1  0/0    26:52   4:35   3:04 
Tomas Tatar              1  0  1   1  2   5  2  2  0  0  0/3    23:48   3:55   3:36 
Vincent Trocheck         0  5  5   1  0   3  2  1  1  1  24/39  21:18   3:51   2:21 
Xavier Ouellet           0  0  0  -1  0   0  0  0  0  0  0/0     3:47   0:00   0:00 

Players Stats for Inferno

Player Name              G  A  P  +/- PIM S  H  SB GA TA FO     MP     PP MP  PK MP  
------------------------------------------------------------------------------------
Anders Lee               1  0  1  -1  0   4  1  2  0  1  18/41  24:02   3:52   3:44 
Bryan Rust               0  0  0  -1  2   3  1  0  1  0  0/1    19:33   0:00   3:02 
Christian Folin          0  1  1  -2  0   5  1  1  1  1  0/0    28:39   4:28   4:55 
Colby Robak              0  0  0  -2  2   2  1  0  0  1  0/0    22:15   0:00   3:01 
David Savard             0  1  1   0  0   1  2  3  0  0  0/0    22:47   2:59   3:07 
Esa Lindell              1  0  1   0  4   3  1  0  1  0  0/0    20:08   4:28   0:24 
Frank Corrado            0  0  0   1  0   0  0  0  0  0  0/0    12:07   2:59   0:05 
Kevin Labanc             0  0  0   0  0   2  2  0  0  0  0/1    14:23   3:29   0:00 
Mathieu Brodeur          0  0  0   1  0   0  1  2  0  2  0/0    14:01   0:00   2:26 
Matt Kassian             0  0  0   1  2   3  1  1  0  0  0/0    10:43   0:00   0:52 
Matthew Nieto            0  1  1  -1  0   1  2  0  0  0  0/0    16:57   3:34   1:56 
Oliver Bjorkstrand       1  0  1   0  0   2  0  0  0  0  0/0    13:22   3:52   0:00 
Peter Cehlarik           0  1  1   0  0   0  0  0  0  0  0/0     8:21   0:01   0:12 
Philip Varone            0  0  0   0  2   2  1  0  0  0  13/17  14:31   0:03   2:44 
Ryan Spooner             1  0  1   0  0   5  2  0  0  1  5/8     7:51   0:00   0:00 
Tanner Pearson           0  0  0  -1  0   4  3  0  2  0  1/1    20:10   3:52   0:57 
Tyler Shattock           0  1  1   0  0   0  3  0  0  0  0/0     8:18   0:06   0:00 
Victor Rask              0  2  2   1  2   2  2  0  0  0  4/7    13:30   3:31   0:31 

3 Stars

1 - Mark Mancari (Tol)
2 - Vincent Trocheck (Tol)
3 - Jonathan Marchessault (Tol)

Power Play

Sewer Rats - 3 on 7 Attempt(s) - 42.86%
Inferno - 2 on 6 Attempt(s) - 33.33%

Penalty Kill

Sewer Rats - 4 on 6 Attempt(s) - 66.67% - Score 0 goal in Penalty Kill
Inferno - 4 on 7 Attempt(s) - 57.14% - Score 0 goal in Penalty Kill

Team Stat

Sewer Rats - Hits : 18 - Faceoff Wins : 35 - Blocked Shots : 15 - Penalty Minutes : 12
Inferno - Hits : 24 - Faceoff Wins : 41 - Blocked Shots : 9 - Penalty Minutes : 14

Official

Referees : Unknown
Linesman : Unknown

Game Notes

4:10 of 3rd period - Inferno goal is going for a video replay. After video review, No Goal. The referee deems the play has been stopped, even if he had not physically had the opportunity to stop play by blowing his whistle.
Mark Mancari has scored a Hat Trick!

Finance

Level 1 -- Attendance: 1572 (78.60%) -- Ticket Income $62,880
Level 2 -- Attendance: 664 (66.40%) -- Ticket Income $13,280
Total Attendance: 2236 (74.53%)
Total Ticket Income: $76,160
Other Income: $3,808
Total Income: $79,968

Sewer Rats

5 vs 5 Forward 
   Center                   Left Wing                Right Wing               Time % Phy DF OF 
 1 Vincent Trocheck         Tomas Tatar              Mark Mancari             40     1   2  2  
 2 Jonathan Marchessault    Daniel Carr              Erik Condra              30     1   2  2  
 3 Nick Cousins             Anthony Duclair          Martin Frk               20     1   2  2  
 4 Jared McCann             Joseph Blandisi          Dmitrij Jaskin           10     1   2  2  

5 vs 5 Defense 
   Defense                  Defense                                           Time % Phy DF OF 
 1 Jarred Tinordi           Steven Kampfer                                    40     1   2  2  
 2 Stefan Elliott           Joel Edmundson                                    30     1   2  2  
 3 Ryan Murphy              John Ramage                                       20     1   2  2  
 4 Connor Carrick           Xavier Ouellet                                    10     1   2  2  

PowerPlay Forward 
   Center                   Left Wing                Right Wing               Time % Phy DF OF 
 1 Vincent Trocheck         Tomas Tatar              Mark Mancari             60     1   2  2  
 2 Jonathan Marchessault    Daniel Carr              Erik Condra              40     1   2  2  

PowerPlay Defense
   Defense                  Defense                                           Time % Phy DF OF 
 1 Jarred Tinordi           Steven Kampfer                                    60     1   2  2  
 2 Stefan Elliott           Joel Edmundson                                    40     1   2  2  

Penalty Kill 4 Players Forward 
   Center                   Wing                     Time % Phy DF OF 
 1 Mark Mancari             Tomas Tatar              60     1   2  2  
 2 Vincent Trocheck         Erik Condra              40     1   2  2  

Penalty Kill 4 Players Defense
   Defense                  Defense                  Time % Phy DF OF 
 1 Jarred Tinordi           Steven Kampfer           60     1   2  2  
 2 Stefan Elliott           Joel Edmundson           40     1   2  2  

Penalty Kill - 3 Players Forward 
   Forward                                           Time % Phy DF OF 
 1 Mark Mancari                                      60     1   2  2  
 2 Tomas Tatar                                       40     1   2  2  

Penalty Kill - 3 Players Defense
   Defense                  Defense                  Time % Phy DF OF 
 1 Jarred Tinordi           Steven Kampfer           60     1   2  2  
 2 Stefan Elliott           Joel Edmundson           40     1   2  2  

4 vs 4 Forward 
   Center                   Wing                     Time % Phy DF OF 
 1 Mark Mancari             Tomas Tatar              60     1   2  2  
 2 Vincent Trocheck         Erik Condra              40     1   2  2  

4 vs 4 Defense
   Defense                  Defense                  Time % Phy DF OF 
 1 Jarred Tinordi           Steven Kampfer           60     1   2  2  
 2 Stefan Elliott           Joel Edmundson           40     1   2  2  

Last Minutes Offensive
   Center                   Left Wing                Right Wing               Defense                  Defense                  
   Vincent Trocheck         Tomas Tatar              Mark Mancari             Jarred Tinordi           Steven Kampfer           

Last Minutes Defensive
   Center                   Left Wing                Right Wing               Defense                  Defense                  
   Vincent Trocheck         Tomas Tatar              Mark Mancari             Jarred Tinordi           Steven Kampfer           

Goaltenders
Starting : Marek Mazanek            
Backup : Darcy Kuemper            

Extra Forwards
Normal : Martin Frk, Dmitrij Jaskin, Nick Cousins - PP : Martin Frk, Dmitrij Jaskin - PK : Nick Cousins
Extra Defensemen
Normal : Ryan Murphy, John Ramage, Connor Carrick - PP : Ryan Murphy - PK : John Ramage, Connor Carrick
Penalty Shots
Mark Mancari, Tomas Tatar, Vincent Trocheck, Erik Condra, Jonathan Marchessault

Scratches
Dominik Kubalik (Healthy), Josh Archibald (Healthy), Jonathan Racine (Healthy), Tyler Motte (Healthy), Chris Calhan (Healthy)
Mark Friedman (Healthy), Michael Dal Colle (Healthy), Matteson Iacopelli (Healthy), Sergei Kostenko (Healthy), Antoine Bibeau (Healthy)

Inferno

5 vs 5 Forward 
   Center                   Left Wing                Right Wing               Time % Phy DF OF 
 1 Anders Lee               Tanner Pearson           Bryan Rust               40     1   2  2  
 2 Philip Varone            Matthew Nieto            Kevin Labanc             30     1   2  2  
 3 Victor Rask              Matt Kassian             Oliver Bjorkstrand       20     1   2  2  
 4 Ryan Spooner             Peter Cehlarik           Tyler Shattock           10     1   2  2  

5 vs 5 Defense 
   Defense                  Defense                                           Time % Phy DF OF 
 1 Colby Robak              Christian Folin                                   40     1   2  2  
 2 Esa Lindell              David Savard                                      30     1   2  2  
 3 Frank Corrado            Mathieu Brodeur                                   20     1   2  2  
 4 Esa Lindell              David Savard                                      10     1   2  2  

PowerPlay Forward 
   Center                   Left Wing                Right Wing               Time % Phy DF OF 
 1 Anders Lee               Tanner Pearson           Oliver Bjorkstrand       60     1   2  2  
 2 Victor Rask              Matthew Nieto            Kevin Labanc             40     1   2  2  

PowerPlay Defense
   Defense                  Defense                                           Time % Phy DF OF 
 1 Esa Lindell              Christian Folin                                   60     1   2  2  
 2 Frank Corrado            David Savard                                      40     1   2  2  

Penalty Kill 4 Players Forward 
   Center                   Wing                     Time % Phy DF OF 
 1 Anders Lee               Bryan Rust               60     1   2  2  
 2 Philip Varone            Matt Kassian             40     1   2  2  

Penalty Kill 4 Players Defense
   Defense                  Defense                  Time % Phy DF OF 
 1 Colby Robak              Christian Folin          60     1   2  2  
 2 Mathieu Brodeur          David Savard             40     1   2  2  

Penalty Kill - 3 Players Forward 
   Forward                                           Time % Phy DF OF 
 1 Bryan Rust                                        60     1   2  2  
 2 Matt Kassian                                      40     1   2  2  

Penalty Kill - 3 Players Defense
   Defense                  Defense                  Time % Phy DF OF 
 1 Colby Robak              Christian Folin          60     1   2  2  
 2 Mathieu Brodeur          David Savard             40     1   2  2  

4 vs 4 Forward 
   Center                   Wing                     Time % Phy DF OF 
 1 Anders Lee               Bryan Rust               60     1   2  2  
 2 Philip Varone            Matt Kassian             40     1   2  2  

4 vs 4 Defense
   Defense                  Defense                  Time % Phy DF OF 
 1 Colby Robak              Christian Folin          60     1   2  2  
 2 Esa Lindell              David Savard             40     1   2  2  

Last Minutes Offensive
   Center                   Left Wing                Right Wing               Defense                  Defense                  
   Anders Lee               Tanner Pearson           Bryan Rust               Esa Lindell              Christian Folin          

Last Minutes Defensive
   Center                   Left Wing                Right Wing               Defense                  Defense                  
   Anders Lee               Tanner Pearson           Bryan Rust               Colby Robak              Christian Folin          

Goaltenders
Starting : Christopher Gibson       
Backup : Michael Hutchinson       

Extra Forwards
Normal : Bryan Rust, Matthew Nieto, Oliver Bjorkstrand - PP : Matthew Nieto, Oliver Bjorkstrand - PK : Bryan Rust
Extra Defensemen
Normal : David Savard, Esa Lindell, Mathieu Brodeur - PP : Esa Lindell - PK : David Savard, Mathieu Brodeur
Penalty Shots
Anders Lee, Tanner Pearson, Oliver Bjorkstrand, Victor Rask, Bryan Rust

Scratches
Chris Brown (Healthy), Trevor Carrick (Healthy), Petteri Lindbohm (Healthy), Eric Karlsson (Healthy), John Gilmour (Healthy)
Vladimir Sobotka (Healthy), Vladimir Zharkov (Healthy), Ryan Donato (Healthy), Vladislav Kamenev (Healthy), Dominik Masin (Healthy)
Brandon Hickey (Healthy), Greg Pateryn (Healthy), Nathan Lieuwen (Healthy), Vitek Vanecek (Healthy)

% Time on Ice - Sewer Rats

Lines # - Real PCT - Wanted PCT - Time Play
Normal Forward
1 - 34% - 40% - 15:10
2 - 29% - 30% - 12:58
3 - 22% - 20% - 9:50
4 - 14% - 10% - 6:20
Normal Defense
1 - 42% - 40% - 18:49
2 - 30% - 30% - 13:07
3 - 19% - 20% - 8:35
4 - 9% - 10% - 3:47
PP Forward
1 - 56% - 60% - 3:55
2 - 44% - 40% - 3:04
PP Defense
1 - 66% - 60% - 4:35
2 - 34% - 40% - 2:24
PK Forward
1 - 74% - 60% - 5:32
2 - 26% - 40% - 1:55
PK Defense
1 - 58% - 60% - 4:19
2 - 42% - 40% - 3:08
PK3 Forward
1 - 0% - 60%
2 - 0% - 40%
PK3 Defense
1 - 0% - 60%
2 - 0% - 40%
44 Forward
1 - 96% - 60% - 1:13
2 - 4% - 40% - 0:03
44 Defense
1 - 91% - 60% - 1:09
2 - 9% - 40% - 0:07
Last Minute Offensive  - 0:00
Last Minute Defensive  - 0:00
Total
Forward - 60:00
Defense - 60:00

% Time on Ice - Inferno

Lines # - Real PCT - Wanted PCT - Time Play
Normal Forward
1 - 35% - 40% - 15:37
2 - 26% - 30% - 11:24
3 - 21% - 20% - 9:26
4 - 18% - 10% - 7:51
Normal Defense
1 - 43% - 40% - 19:13
2 - 31% - 30% - 13:52
3 - 20% - 20% - 8:58
4 - 5% - 10% - 2:15
PP Forward
1 - 52% - 60% - 3:53
2 - 48% - 40% - 3:34
PP Defense
1 - 60% - 60% - 4:28
2 - 40% - 40% - 2:59
PK Forward
1 - 75% - 60% - 5:16
2 - 25% - 40% - 1:43
PK Defense
1 - 72% - 60% - 5:00
2 - 28% - 40% - 1:59
PK3 Forward
1 - 0% - 60%
2 - 0% - 40%
PK3 Defense
1 - 0% - 60%
2 - 0% - 40%
44 Forward
1 - 100% - 60% - 1:16
2 - 0% - 40% - 0:00
44 Defense
1 - 55% - 60% - 0:42
2 - 45% - 40% - 0:34
Last Minute Offensive  - 0:00
Last Minute Defensive  - 0:00
Total
Forward - 60:00
Defense - 60:00

Play-by-Play

1st period


0:01 of 1st period - Vincent Trocheck wins face-off versus Anders Lee in neutral zone.
1:16 of 1st period - Snap shot by Victor Rask.
1:16 of 1st period - Stopped by Marek Mazanek without a rebound.
1:17 of 1st period - Ryan Spooner wins face-off versus Vincent Trocheck in Sewer Rats zone.
1:22 of 1st period - Wrist shot by Ryan Spooner.
1:22 of 1st period - Shot Misses the Net.
1:24 of 1st period - Wrist shot by Ryan Spooner.
1:24 of 1st period - Stopped by Marek Mazanek without a rebound.
1:25 of 1st period - Vincent Trocheck wins face-off versus Ryan Spooner in Sewer Rats zone.
1:27 of 1st period - Minor Penalty to Tomas Tatar for High sticking.
1:28 of 1st period - Tanner Pearson wins face-off versus Mark Mancari in Sewer Rats zone.
2:00 of 1st period - Icing by Christian Folin.
2:01 of 1st period - Victor Rask wins face-off versus Mark Mancari in Inferno zone.
2:12 of 1st period - Snap shot by Esa Lindell.
2:12 of 1st period - Goal by Esa Lindell - Sewer Rats : 0 - Inferno : 1.
2:13 of 1st period - Vincent Trocheck wins face-off versus Kevin Labanc in neutral zone.
2:20 of 1st period - Slapshot by Vincent Trocheck.
2:20 of 1st period - Stopped by Christopher Gibson with a rebound.
2:22 of 1st period - Slapshot by Steven Kampfer.
2:22 of 1st period - Stopped by Christopher Gibson without a rebound.
2:23 of 1st period - Vincent Trocheck wins face-off versus Philip Varone in Inferno zone.
2:51 of 1st period - Minor Penalty to Esa Lindell for Hooking.
2:52 of 1st period - Vincent Trocheck wins face-off versus Anders Lee in Inferno zone.
3:24 of 1st period - Snap shot by Jonathan Marchessault.
3:24 of 1st period - Goal by Jonathan Marchessault - Sewer Rats : 1 - Inferno : 1.
3:25 of 1st period - Anders Lee wins face-off versus Jonathan Marchessault in neutral zone.
3:32 of 1st period - Wrist shot by Bryan Rust.
3:32 of 1st period - Shot Misses the Net.
3:34 of 1st period - Snap shot by Bryan Rust.
3:34 of 1st period - Deflect By Tanner Pearson.
3:34 of 1st period - Stopped by Marek Mazanek with a rebound.
3:48 of 1st period - Minor Penalty to John Ramage for Elbowing.
3:49 of 1st period - Anders Lee wins face-off versus Tomas Tatar in Sewer Rats zone.
3:50 of 1st period - Snap shot by Christian Folin.
3:50 of 1st period - Deflect By Anders Lee.
3:50 of 1st period - Goal by Anders Lee - Sewer Rats : 1 - Inferno : 2.
3:51 of 1st period - Victor Rask wins face-off versus Nick Cousins in neutral zone.
4:28 of 1st period - Steven Kampfer is hit by Tanner Pearson and loses puck.
5:03 of 1st period - Esa Lindell is hit by Jared McCann and loses puck.
5:10 of 1st period - Christian Folin is hit by Stefan Elliott.
5:16 of 1st period - Snap shot by Oliver Bjorkstrand.
5:16 of 1st period - Shot Blocked by Stefan Elliott.
5:28 of 1st period - Wrist shot by Mark Mancari.
5:28 of 1st period - Stopped by Christopher Gibson with a rebound.
5:59 of 1st period - Off-side.
6:00 of 1st period - Philip Varone wins face-off versus Tomas Tatar in neutral zone.
6:19 of 1st period - Slapshot by Philip Varone.
6:19 of 1st period - Deflect By Jarred Tinordi.
6:19 of 1st period - Shot Blocked by Vincent Trocheck.
6:19 of 1st period - Puck is out of play.
6:20 of 1st period - Anders Lee wins face-off versus Jonathan Marchessault in Sewer Rats zone.
6:31 of 1st period - Slapshot by Anders Lee.
6:31 of 1st period - Stopped by Marek Mazanek with a rebound.
6:45 of 1st period - Colby Robak is hit by Tomas Tatar and loses puck.
7:12 of 1st period - Snap shot by Matthew Nieto.
7:12 of 1st period - Shot Misses the Net.
8:12 of 1st period - Snap shot by Matt Kassian.
8:12 of 1st period - Stopped by Marek Mazanek with a rebound.
9:31 of 1st period - Snap shot by Victor Rask.
9:31 of 1st period - Shot Blocked by Mark Mancari.
9:33 of 1st period - Slapshot by David Savard.
9:33 of 1st period - Shot Blocked by Mark Mancari.
9:35 of 1st period - Wrist shot by Victor Rask.
9:35 of 1st period - Deflect By Oliver Bjorkstrand.
9:35 of 1st period - Goal by Oliver Bjorkstrand - Sewer Rats : 1 - Inferno : 3.
9:36 of 1st period - Anders Lee wins face-off versus Vincent Trocheck in neutral zone.
9:41 of 1st period - Vincent Trocheck is hit by Bryan Rust.
9:51 of 1st period - Wrist shot by Tanner Pearson.
9:51 of 1st period - Shot Misses the Net.
10:07 of 1st period - Wrist shot by Tanner Pearson.
10:07 of 1st period - Shot Misses the Net.
10:09 of 1st period - Slapshot by Christian Folin.
10:09 of 1st period - Stopped by Marek Mazanek with a rebound.
10:11 of 1st period - Snap shot by Matthew Nieto.
10:11 of 1st period - Stopped by Marek Mazanek without a rebound.
10:12 of 1st period - Philip Varone wins face-off versus Jonathan Marchessault in Sewer Rats zone.
10:51 of 1st period - Mathieu Brodeur is hit by Daniel Carr and loses puck.
11:00 of 1st period - Wrist shot by Jonathan Marchessault.
11:00 of 1st period - Shot Misses the Net.
11:02 of 1st period - Snap shot by Daniel Carr.
11:02 of 1st period - Stopped by Christopher Gibson without a rebound.
11:03 of 1st period - Anders Lee wins face-off versus Vincent Trocheck in Inferno zone.
12:23 of 1st period - Wrist shot by Joseph Blandisi.
12:23 of 1st period - Stopped by Christopher Gibson without a rebound.
12:24 of 1st period - Philip Varone wins face-off versus Jared McCann in Inferno zone.
12:33 of 1st period - Snap shot by Dmitrij Jaskin.
12:33 of 1st period - Stopped by Christopher Gibson without a rebound.
12:34 of 1st period - Philip Varone wins face-off versus Vincent Trocheck in Inferno zone.
13:07 of 1st period - Wrist shot by Anders Lee.
13:07 of 1st period - Shot Misses the Net.
13:43 of 1st period - Slapshot by Ryan Spooner.
13:43 of 1st period - Deflect By Tyler Shattock.
13:43 of 1st period - Shot Misses the Net.
13:43 of 1st period - Puck is out of play.
13:44 of 1st period - Ryan Spooner wins face-off versus Vincent Trocheck in Sewer Rats zone.
13:55 of 1st period - Wrist shot by Ryan Spooner.
13:55 of 1st period - Stopped by Marek Mazanek with a rebound.
13:57 of 1st period - Slapshot by Christian Folin.
13:57 of 1st period - Deflect By Steven Kampfer.
13:57 of 1st period - Stopped by Marek Mazanek without a rebound.
13:58 of 1st period - Vincent Trocheck wins face-off versus Anders Lee in Sewer Rats zone.
14:06 of 1st period - Icing by Christian Folin.
14:07 of 1st period - Vincent Trocheck wins face-off versus Anders Lee in Inferno zone.
14:36 of 1st period - Snap shot by Anders Lee.
14:36 of 1st period - Shot Blocked by Tomas Tatar.
14:38 of 1st period - Wrist shot by Colby Robak.
14:38 of 1st period - Deflect By Tanner Pearson.
14:38 of 1st period - Shot Misses the Net.
14:38 of 1st period - Puck is out of play.
14:39 of 1st period - Philip Varone wins face-off versus Jonathan Marchessault in Sewer Rats zone.
15:14 of 1st period - Minor Penalty to Esa Lindell for Holding.
15:15 of 1st period - Vincent Trocheck wins face-off versus Anders Lee in Inferno zone.
15:17 of 1st period - Snap shot by Vincent Trocheck.
15:17 of 1st period - Shot Misses the Net.
15:19 of 1st period - Snap shot by Mark Mancari.
15:19 of 1st period - Goal by Mark Mancari - Sewer Rats : 2 - Inferno : 3.
15:20 of 1st period - Anders Lee wins face-off versus Vincent Trocheck in neutral zone.
15:23 of 1st period - Slapshot by Bryan Rust.
15:23 of 1st period - Shot Misses the Net.
15:25 of 1st period - Slapshot by Tanner Pearson.
15:25 of 1st period - Deflect By Steven Kampfer.
15:25 of 1st period - Shot Blocked by Jarred Tinordi.
15:25 of 1st period - Puck is out of play.
15:26 of 1st period - Vincent Trocheck wins face-off versus Anders Lee in Sewer Rats zone.
15:31 of 1st period - Slapshot by Steven Kampfer.
15:31 of 1st period - Shot Misses the Net.
15:39 of 1st period - Steven Kampfer is hit by Colby Robak and loses puck.
15:52 of 1st period - Slapshot by Steven Kampfer.
15:52 of 1st period - Shot Misses the Net.
16:10 of 1st period - Wrist shot by Anders Lee.
16:10 of 1st period - Stopped by Marek Mazanek without a rebound.
16:11 of 1st period - Jonathan Marchessault wins face-off versus Philip Varone in Sewer Rats zone.
16:29 of 1st period - Minor Penalty to Philip Varone for High sticking.
16:30 of 1st period - Vincent Trocheck wins face-off versus Anders Lee in Inferno zone.
16:30 of 1st period - Snap shot by Mark Mancari.
16:30 of 1st period - Stopped by Christopher Gibson without a rebound.
16:31 of 1st period - Vincent Trocheck wins face-off versus Anders Lee in Inferno zone.
16:34 of 1st period - Snap shot by Mark Mancari.
16:34 of 1st period - Goal by Mark Mancari - Sewer Rats : 3 - Inferno : 3.
16:35 of 1st period - Mark Mancari wins face-off versus Anders Lee in neutral zone.
16:48 of 1st period - Snap shot by Tomas Tatar.
16:48 of 1st period - Shot Misses the Net.
16:50 of 1st period - Wrist shot by Ryan Murphy.
16:50 of 1st period - Shot Misses the Net.
17:20 of 1st period - Icing by Stefan Elliott.
17:21 of 1st period - Nick Cousins wins face-off versus Philip Varone in Sewer Rats zone.
17:34 of 1st period - Slapshot by Tomas Tatar.
17:34 of 1st period - Stopped by Christopher Gibson without a rebound.
17:35 of 1st period - Jonathan Marchessault wins face-off versus Anders Lee in Inferno zone.
17:36 of 1st period - Snap shot by Daniel Carr.
17:36 of 1st period - Stopped by Christopher Gibson with a rebound.
18:49 of 1st period - Snap shot by Joseph Blandisi.
18:49 of 1st period - Shot Misses the Net.
18:55 of 1st period - Minor Penalty to Colby Robak for Holding.
18:56 of 1st period - Vincent Trocheck wins face-off versus Bryan Rust in Inferno zone.
18:57 of 1st period - Snap shot by Mark Mancari.
18:57 of 1st period - Stopped by Christopher Gibson with a rebound.
19:09 of 1st period - Wrist shot by Mark Mancari.
19:09 of 1st period - Stopped by Christopher Gibson with a rebound.
19:11 of 1st period - Snap shot by Mark Mancari.
19:11 of 1st period - Shot Blocked by David Savard.
19:34 of 1st period - Erik Condra is hit by Mathieu Brodeur and loses puck.
Goals for this period are 3 for Sewer Rats vs 3 for Inferno.
Shots for this period are 14 for Sewer Rats vs 13 for Inferno.

2nd period


0:01 of 2nd period - Anders Lee wins face-off versus Vincent Trocheck in neutral zone.
0:30 of 2nd period - Bryan Rust is hit by Daniel Carr and loses puck.
0:55 of 2nd period - Penalty to Colby Robak is over, Colby Robak is back on ice.
1:23 of 2nd period - Minor Penalty to Joel Edmundson for High sticking.
1:24 of 2nd period - Anders Lee wins face-off versus Mark Mancari in Sewer Rats zone.
1:37 of 2nd period - Wrist shot by Oliver Bjorkstrand.
1:37 of 2nd period - Shot Misses the Net.
1:49 of 2nd period - Tomas Tatar is hit by Victor Rask and loses puck.
2:12 of 2nd period - Snap shot by Anders Lee.
2:12 of 2nd period - Shot Misses the Net.
3:23 of 2nd period - Penalty to Joel Edmundson is over, Joel Edmundson is back on ice.
3:30 of 2nd period - John Ramage is hit by Ryan Spooner and loses puck.
3:35 of 2nd period - Slapshot by Esa Lindell.
3:35 of 2nd period - Stopped by Marek Mazanek with a rebound.
3:41 of 2nd period - Snap shot by Ryan Spooner.
3:41 of 2nd period - Stopped by Marek Mazanek without a rebound.
3:42 of 2nd period - Ryan Spooner wins face-off versus Jonathan Marchessault in Sewer Rats zone.
4:19 of 2nd period - Minor Penalty to Jarred Tinordi for Roughing.
4:20 of 2nd period - Mark Mancari wins face-off versus Anders Lee in Sewer Rats zone.
5:43 of 2nd period - Slapshot by Nick Cousins.
5:43 of 2nd period - Stopped by Christopher Gibson with a rebound.
6:19 of 2nd period - Penalty to Jarred Tinordi is over, Jarred Tinordi is back on ice.
6:31 of 2nd period - Connor Carrick is hit by Tyler Shattock and loses puck.
7:10 of 2nd period - Icing by Stefan Elliott.
7:11 of 2nd period - Victor Rask wins face-off versus Nick Cousins in Sewer Rats zone.
7:25 of 2nd period - Joel Edmundson is hit by Tyler Shattock and loses puck.
7:59 of 2nd period - Wrist shot by Matt Kassian.
7:59 of 2nd period - Stopped by Marek Mazanek without a rebound.
8:00 of 2nd period - Jonathan Marchessault wins face-off versus Victor Rask in Sewer Rats zone.
8:18 of 2nd period - Ryan Murphy is hit by Victor Rask and loses puck.
8:25 of 2nd period - Matt Kassian is hit by Jonathan Marchessault and loses puck.
8:42 of 2nd period - Slapshot by Daniel Carr.
8:42 of 2nd period - Stopped by Christopher Gibson with a rebound.
9:24 of 2nd period - Slapshot by Christian Folin.
9:24 of 2nd period - Shot Blocked by Erik Condra.
9:26 of 2nd period - Slapshot by Colby Robak.
9:26 of 2nd period - Shot Blocked by Daniel Carr.
9:28 of 2nd period - Slapshot by Victor Rask.
9:28 of 2nd period - Shot Blocked by Jarred Tinordi.
9:46 of 2nd period - Snap shot by Victor Rask.
9:46 of 2nd period - Deflect By Matt Kassian.
9:46 of 2nd period - Stopped by Marek Mazanek without a rebound.
9:47 of 2nd period - Vincent Trocheck wins face-off versus Anders Lee in Sewer Rats zone.
9:47 of 2nd period - Vincent Trocheck is hit by David Savard.
10:13 of 2nd period - Anders Lee is hit by Joel Edmundson and loses puck.
10:32 of 2nd period - Snap shot by Tanner Pearson.
10:32 of 2nd period - Shot Misses the Net.
10:40 of 2nd period - Wrist shot by Joseph Blandisi.
10:40 of 2nd period - Shot Blocked by Mathieu Brodeur.
11:15 of 2nd period - Jared McCann is hit by Tanner Pearson and loses puck.
11:22 of 2nd period - Slapshot by Joel Edmundson.
11:22 of 2nd period - Shot Misses the Net.
11:24 of 2nd period - Wrist shot by Joel Edmundson.
11:24 of 2nd period - Shot Misses the Net.
11:26 of 2nd period - Slapshot by Joel Edmundson.
11:26 of 2nd period - Shot Blocked by Anders Lee.
11:28 of 2nd period - Slapshot by Dmitrij Jaskin.
11:28 of 2nd period - Stopped by Christopher Gibson with a rebound.
11:30 of 2nd period - Slapshot by Stefan Elliott.
11:30 of 2nd period - Shot Misses the Net.
11:32 of 2nd period - Slapshot by Stefan Elliott.
11:32 of 2nd period - Stopped by Christopher Gibson with a rebound.
11:34 of 2nd period - Wrist shot by Joel Edmundson.
11:34 of 2nd period - Stopped by Christopher Gibson without a rebound.
11:35 of 2nd period - Philip Varone wins face-off versus Vincent Trocheck in Inferno zone.
12:07 of 2nd period - Christian Folin is hit by Steven Kampfer and loses puck.
13:04 of 2nd period - Peter Cehlarik is hit by Jonathan Marchessault.
13:41 of 2nd period - Icing by Erik Condra.
13:42 of 2nd period - Ryan Spooner wins face-off versus Jonathan Marchessault in Sewer Rats zone.
14:11 of 2nd period - Wrist shot by Kevin Labanc.
14:11 of 2nd period - Stopped by Marek Mazanek without a rebound.
14:12 of 2nd period - Philip Varone wins face-off versus Vincent Trocheck in Sewer Rats zone.
14:19 of 2nd period - Snap shot by Matthew Nieto.
14:19 of 2nd period - Shot Misses the Net.
14:25 of 2nd period - Snap shot by Tomas Tatar.
14:25 of 2nd period - Stopped by Christopher Gibson without a rebound.
14:26 of 2nd period - Vincent Trocheck wins face-off versus Anders Lee in Inferno zone.
14:27 of 2nd period - Wrist shot by Tomas Tatar.
14:27 of 2nd period - Stopped by Christopher Gibson with a rebound.
14:29 of 2nd period - Minor Penalty to Bryan Rust for Boarding.
14:30 of 2nd period - Anders Lee wins face-off versus Vincent Trocheck in Inferno zone.
14:37 of 2nd period - Slapshot by Steven Kampfer.
14:37 of 2nd period - Shot Blocked by Anders Lee.
15:21 of 2nd period - Tanner Pearson is hit by Vincent Trocheck and loses puck.
15:38 of 2nd period - David Savard is hit by Steven Kampfer and loses puck.
16:20 of 2nd period - Icing by Joel Edmundson.
16:21 of 2nd period - Vincent Trocheck wins face-off versus Anders Lee in Sewer Rats zone.
16:21 of 2nd period - Vincent Trocheck is hit by David Savard.
16:29 of 2nd period - Penalty to Bryan Rust is over, Bryan Rust is back on ice.
16:35 of 2nd period - Wrist shot by Nick Cousins.
16:35 of 2nd period - Stopped by Christopher Gibson with a rebound.
16:37 of 2nd period - Slapshot by John Ramage.
16:37 of 2nd period - Deflect By Martin Frk.
16:37 of 2nd period - Stopped by Christopher Gibson with a rebound.
16:39 of 2nd period - Slapshot by John Ramage.
16:39 of 2nd period - Shot Blocked by Mathieu Brodeur.
16:41 of 2nd period - Slapshot by Martin Frk.
16:41 of 2nd period - Shot Misses the Net.
16:43 of 2nd period - Slapshot by Martin Frk.
16:43 of 2nd period - Shot Misses the Net.
16:45 of 2nd period - Snap shot by Nick Cousins.
16:45 of 2nd period - Shot Blocked by David Savard.
16:47 of 2nd period - Backhand shot by Ryan Murphy.
16:47 of 2nd period - Shot Misses the Net.
17:05 of 2nd period - Snap shot by Dmitrij Jaskin.
17:05 of 2nd period - Shot Misses the Net.
17:07 of 2nd period - Snap shot by Jared McCann.
17:07 of 2nd period - Shot Blocked by Matt Kassian.
17:13 of 2nd period - Minor Penalty to Matt Kassian for Holding.
17:14 of 2nd period - Anders Lee wins face-off versus Vincent Trocheck in Inferno zone.
17:14 of 2nd period - Anders Lee is hit by Steven Kampfer.
17:40 of 2nd period - Jarred Tinordi is hit by Matthew Nieto.
17:44 of 2nd period - Steven Kampfer is hit by Matthew Nieto and loses puck.
18:36 of 2nd period - Wrist shot by Tomas Tatar.
18:36 of 2nd period - Shot Misses the Net.
19:13 of 2nd period - Penalty to Matt Kassian is over, Matt Kassian is back on ice.
Goals for this period are 0 for Sewer Rats vs 0 for Inferno.
Shots for this period are 9 for Sewer Rats vs 5 for Inferno.

3rd period


0:01 of 3rd period - Vincent Trocheck wins face-off versus Anders Lee in neutral zone.
0:04 of 3rd period - Snap shot by Mark Mancari.
0:04 of 3rd period - Shot Misses the Net.
0:16 of 3rd period - Snap shot by Vincent Trocheck.
0:16 of 3rd period - Stopped by Christopher Gibson without a rebound.
0:17 of 3rd period - Philip Varone wins face-off versus Jonathan Marchessault in Inferno zone.
0:26 of 3rd period - Wrist shot by Philip Varone.
0:26 of 3rd period - Shot Misses the Net.
1:33 of 3rd period - Slapshot by Tomas Tatar.
1:33 of 3rd period - Shot Misses the Net.
1:37 of 3rd period - Wrist shot by Mark Mancari.
1:37 of 3rd period - Stopped by Christopher Gibson without a rebound.
1:38 of 3rd period - Anders Lee wins face-off versus Jonathan Marchessault in Inferno zone.
2:05 of 3rd period - Nick Cousins is hit by Matt Kassian and loses puck.
3:21 of 3rd period - Victor Rask is hit by Vincent Trocheck and loses puck.
3:36 of 3rd period - Slapshot by Jonathan Marchessault.
3:36 of 3rd period - Deflect By Erik Condra.
3:36 of 3rd period - Stopped by Christopher Gibson with a rebound.
3:46 of 3rd period - Jarred Tinordi is hit by Tyler Shattock and loses puck.
4:08 of 3rd period - Snap shot by Bryan Rust.
4:08 of 3rd period - Stopped by Marek Mazanek with a rebound.
4:10 of 3rd period - Snap shot by Bryan Rust.
4:10 of 3rd period - Inferno goal is going for a video replay.
4:10 of 3rd period - The goal is refused. The referee deems the play has been stopped, even if he had not physically had the opportunity to stop play by blowing his whistle..
4:11 of 3rd period - Anders Lee wins face-off versus Vincent Trocheck in Sewer Rats zone.
4:20 of 3rd period - Slapshot by Christian Folin.
4:20 of 3rd period - Shot Blocked by Tomas Tatar.
4:22 of 3rd period - Snap shot by Tanner Pearson.
4:22 of 3rd period - Shot Misses the Net.
4:24 of 3rd period - Slapshot by Christian Folin.
4:24 of 3rd period - Stopped by Marek Mazanek with a rebound.
4:26 of 3rd period - Wrist shot by Tanner Pearson.
4:26 of 3rd period - Stopped by Marek Mazanek without a rebound.
4:27 of 3rd period - Philip Varone wins face-off versus Jonathan Marchessault in Sewer Rats zone.
4:28 of 3rd period - Slapshot by Esa Lindell.
4:28 of 3rd period - Stopped by Marek Mazanek without a rebound.
4:29 of 3rd period - Philip Varone wins face-off versus Jonathan Marchessault in Sewer Rats zone.
4:33 of 3rd period - Minor Penalty to Steven Kampfer for Hooking.
4:34 of 3rd period - Anders Lee wins face-off versus Mark Mancari in Sewer Rats zone.
4:36 of 3rd period - Wrist shot by Anders Lee.
4:36 of 3rd period - Shot Misses the Net.
6:33 of 3rd period - Penalty to Steven Kampfer is over, Steven Kampfer is back on ice.
6:41 of 3rd period - Steven Kampfer is hit by Ryan Spooner and loses puck.
6:46 of 3rd period - Slapshot by Christian Folin.
6:46 of 3rd period - Stopped by Marek Mazanek with a rebound.
7:08 of 3rd period - Snap shot by Joseph Blandisi.
7:08 of 3rd period - Stopped by Christopher Gibson with a rebound.
7:10 of 3rd period - Slapshot by Connor Carrick.
7:10 of 3rd period - Deflect By Joseph Blandisi.
7:10 of 3rd period - Stopped by Christopher Gibson without a rebound.
7:11 of 3rd period - Philip Varone wins face-off versus Jonathan Marchessault in Inferno zone.
7:45 of 3rd period - Slapshot by Martin Frk.
7:45 of 3rd period - Shot Misses the Net.
7:53 of 3rd period - Snap shot by Oliver Bjorkstrand.
7:53 of 3rd period - Stopped by Marek Mazanek with a rebound.
8:03 of 3rd period - Snap shot by Ryan Spooner.
8:03 of 3rd period - Stopped by Marek Mazanek without a rebound.
8:04 of 3rd period - Ryan Spooner wins face-off versus Dmitrij Jaskin in Sewer Rats zone.
8:09 of 3rd period - Snap shot by Tyler Shattock.
8:09 of 3rd period - Shot Blocked by Jared McCann.
8:15 of 3rd period - Slapshot by Ryan Spooner.
8:15 of 3rd period - Goal by Ryan Spooner - Sewer Rats : 3 - Inferno : 4.
8:16 of 3rd period - Vincent Trocheck wins face-off versus Anders Lee in neutral zone.
8:19 of 3rd period - Backhand shot by Vincent Trocheck.
8:19 of 3rd period - Shot Blocked by Christian Folin.
8:23 of 3rd period - Backhand shot by Tomas Tatar.
8:23 of 3rd period - Stopped by Christopher Gibson with a rebound.
8:31 of 3rd period - Wrist shot by Mark Mancari.
8:31 of 3rd period - Stopped by Christopher Gibson without a rebound.
8:32 of 3rd period - Jonathan Marchessault wins face-off versus Philip Varone in Inferno zone.
8:37 of 3rd period - Wrist shot by Jonathan Marchessault.
8:37 of 3rd period - Shot Misses the Net.
8:45 of 3rd period - Snap shot by Daniel Carr.
8:45 of 3rd period - Deflect By Erik Condra.
8:45 of 3rd period - Shot Misses the Net.
8:45 of 3rd period - Puck is out of play.
8:46 of 3rd period - Vincent Trocheck wins face-off versus Anders Lee in Inferno zone.
8:49 of 3rd period - Slapshot by Mark Mancari.
8:49 of 3rd period - Goal by Mark Mancari - Sewer Rats : 4 - Inferno : 4.
8:50 of 3rd period - Anders Lee wins face-off versus Vincent Trocheck in neutral zone.
9:01 of 3rd period - Wrist shot by Tanner Pearson.
9:01 of 3rd period - Stopped by Marek Mazanek with a rebound.
9:15 of 3rd period - Erik Condra is hit by Kevin Labanc and loses puck.
9:36 of 3rd period - David Savard is hit by Jarred Tinordi and loses puck.
9:43 of 3rd period - Snap shot by Nick Cousins.
9:43 of 3rd period - Stopped by Christopher Gibson with a rebound.
9:45 of 3rd period - Slapshot by Steven Kampfer.
9:45 of 3rd period - Stopped by Christopher Gibson with a rebound.
9:47 of 3rd period - Backhand shot by Martin Frk.
9:47 of 3rd period - Shot Misses the Net.
9:56 of 3rd period - Off-side.
9:57 of 3rd period - Vincent Trocheck wins face-off versus Ryan Spooner in neutral zone.
10:02 of 3rd period - Ryan Spooner is hit by Tomas Tatar and loses puck.
10:24 of 3rd period - Jonathan Marchessault is hit by Tanner Pearson and loses puck.
10:53 of 3rd period - Backhand shot by Kevin Labanc.
10:53 of 3rd period - Deflect By Matthew Nieto.
10:53 of 3rd period - Shot Blocked by John Ramage.
10:53 of 3rd period - Puck is out of play.
10:54 of 3rd period - Anders Lee wins face-off versus Tomas Tatar in Sewer Rats zone.
11:19 of 3rd period - Kevin Labanc is hit by Jarred Tinordi and loses puck.
11:26 of 3rd period - Jarred Tinordi is hit by Philip Varone.
11:40 of 3rd period - Snap shot by Ryan Spooner.
11:40 of 3rd period - Shot Blocked by Erik Condra.
11:42 of 3rd period - Slapshot by Colby Robak.
11:42 of 3rd period - Stopped by Marek Mazanek without a rebound.
11:43 of 3rd period - Vincent Trocheck wins face-off versus Ryan Spooner in Sewer Rats zone.
11:54 of 3rd period - Snap shot by Tomas Tatar.
11:54 of 3rd period - Goal by Tomas Tatar - Sewer Rats : 5 - Inferno : 4.
11:55 of 3rd period - Vincent Trocheck wins face-off versus Anders Lee in neutral zone.
11:58 of 3rd period - Snap shot by Stefan Elliott.
11:58 of 3rd period - Deflect By Mark Mancari.
11:58 of 3rd period - Shot Misses the Net.
11:58 of 3rd period - Puck is out of play.
11:59 of 3rd period - Vincent Trocheck wins face-off versus Anders Lee in Inferno zone.
12:08 of 3rd period - Slapshot by Vincent Trocheck.
12:08 of 3rd period - Stopped by Christopher Gibson without a rebound.
12:09 of 3rd period - Vincent Trocheck wins face-off versus Anders Lee in Inferno zone.
12:20 of 3rd period - Snap shot by Tanner Pearson.
12:20 of 3rd period - Stopped by Marek Mazanek without a rebound.
12:21 of 3rd period - Anders Lee wins face-off versus Vincent Trocheck in Sewer Rats zone.
12:24 of 3rd period - Slapshot by Christian Folin.
12:24 of 3rd period - Shot Misses the Net.
12:26 of 3rd period - Slapshot by Colby Robak.
12:26 of 3rd period - Stopped by Marek Mazanek with a rebound.
12:28 of 3rd period - Wrist shot by Colby Robak.
12:28 of 3rd period - Shot Blocked by Mark Mancari.
12:30 of 3rd period - Snap shot by Tanner Pearson.
12:30 of 3rd period - Shot Misses the Net.
12:38 of 3rd period - Snap shot by Anders Lee.
12:38 of 3rd period - Stopped by Marek Mazanek without a rebound.
12:39 of 3rd period - Philip Varone wins face-off versus Jonathan Marchessault in Sewer Rats zone.
12:54 of 3rd period - Wrist shot by Philip Varone.
12:54 of 3rd period - Shot Blocked by Daniel Carr.
13:11 of 3rd period - Joel Edmundson is hit by Esa Lindell and loses puck.
13:56 of 3rd period - Frank Corrado is hit by Nick Cousins and loses puck.
14:21 of 3rd period - Snap shot by Nick Cousins.
14:21 of 3rd period - Deflect By Martin Frk.
14:21 of 3rd period - Stopped by Christopher Gibson without a rebound.
14:22 of 3rd period - Anders Lee wins face-off versus Vincent Trocheck in Inferno zone.
14:31 of 3rd period - Slapshot by Christian Folin.
14:31 of 3rd period - Stopped by Marek Mazanek with a rebound.
14:49 of 3rd period - Christian Folin is hit by Daniel Carr and loses puck.
15:33 of 3rd period - Snap shot by Vincent Trocheck.
15:33 of 3rd period - Deflect By Mark Mancari.
15:33 of 3rd period - Shot Misses the Net.
15:33 of 3rd period - Puck is out of play.
15:34 of 3rd period - Vincent Trocheck wins face-off versus Anders Lee in Inferno zone.
16:32 of 3rd period - Slapshot by Bryan Rust.
16:32 of 3rd period - Stopped by Marek Mazanek without a rebound.
16:33 of 3rd period - Martin Frk wins face-off versus Victor Rask in Sewer Rats zone.
16:33 of 3rd period - Martin Frk is hit by Christian Folin.
17:07 of 3rd period - Icing by Kevin Labanc.
17:08 of 3rd period - Philip Varone wins face-off versus Jonathan Marchessault in Inferno zone.
17:15 of 3rd period - Daniel Carr is hit by Kevin Labanc and loses puck.
17:24 of 3rd period - Wrist shot by Philip Varone.
17:24 of 3rd period - Shot Misses the Net.
17:26 of 3rd period - Snap shot by Philip Varone.
17:26 of 3rd period - Stopped by Marek Mazanek with a rebound.
17:32 of 3rd period - Snap shot by Philip Varone.
17:32 of 3rd period - Stopped by Marek Mazanek with a rebound.
17:34 of 3rd period - Wrist shot by Kevin Labanc.
17:34 of 3rd period - Deflect By Steven Kampfer.
17:34 of 3rd period - Stopped by Marek Mazanek without a rebound.
17:35 of 3rd period - Victor Rask wins face-off versus Nick Cousins in Sewer Rats zone.
17:36 of 3rd period - Slapshot by Esa Lindell.
17:36 of 3rd period - Shot Misses the Net.
17:38 of 3rd period - Slapshot by David Savard.
17:38 of 3rd period - Stopped by Marek Mazanek without a rebound.
17:39 of 3rd period - Nick Cousins wins face-off versus Victor Rask in Sewer Rats zone.
17:41 of 3rd period - Minor Penalty to Anthony Duclair for Hooking.
17:42 of 3rd period - Mark Mancari wins face-off versus Anders Lee in Sewer Rats zone.
18:12 of 3rd period - Snap shot by Victor Rask.
18:12 of 3rd period - Stopped by Marek Mazanek with a rebound.
18:24 of 3rd period - Minor Penalty to Victor Rask for Interference.
18:25 of 3rd period - Mark Mancari wins face-off versus Anders Lee in Inferno zone.
18:32 of 3rd period - Backhand shot by Mark Mancari.
18:32 of 3rd period - Shot Misses the Net.
19:04 of 3rd period - Wrist shot by Martin Frk.
19:04 of 3rd period - Goal by Martin Frk - Sewer Rats : 6 - Inferno : 4.
19:05 of 3rd period - Anders Lee wins face-off versus Mark Mancari in neutral zone.
19:10 of 3rd period - Mark Mancari is hit by Anders Lee and loses puck.
19:41 of 3rd period - Penalty to Anthony Duclair is over, Anthony Duclair is back on ice.
19:56 of 3rd period - Slapshot by Daniel Carr.
19:56 of 3rd period - Shot Blocked by David Savard.
Goals for this period are 3 for Sewer Rats vs 1 for Inferno.
Shots for this period are 14 for Sewer Rats vs 21 for Inferno.